 Dungeon Crawl Stone Soup version 0.18.1-6-gd335043 (webtiles) character file.

2372 Jerry the Covered (level 9, -6/74 HPs)
             Began as a Demigod Fighter on May 17, 2016.
             Engulfed by a cloud of freezing vapour (20 damage)
             ... on level 6 of the Dungeon.
             The game lasted 00:42:54 (7503 turns).

Jerry the Covered (Demigod Fighter)                 Turns: 7503, Time: 00:42:56

Health: -6/74      AC:  8    Str: 30    XL:     9   Next: 1%
Magic:  11/11      EV: 16    Int:  7    God:
Gold:   453        SH:  6    Dex: 20    Spells: 0 memorised, 8 levels left

rFire  + . .     SeeInvis .     J - +1 mace (curse)
rCold  . . .     Gourm    .     C - +1 leather armour "Safaw" {rElec rPois Int-5 Dex+5 Stlth+}
rNeg   . . .     Faith    .     r - +0 buckler
rPois  +         Spirit   .     j - +0 helmet
rElec  +         Dismiss  .     n - +1 cloak
rCorr  .         Reflect  .     (no gloves)
SustAt +         Harm     .     (no boots)
MR     .....                    (no amulet)
Stlth  +++.......               x - ring of protection from fire
                                i - +5 ring of strength

@: not resistant to hostile enchantments, fairly stealthy
A: high mp 1, sustain attributes
a: no special abilities


You were on level 6 of the Dungeon.
You were not hungry.

You visited 1 branch of the dungeon, and saw 6 of its levels.
You also visited: Ossuary.

You collected 453 gold pieces.

Inventory:

Hand Weapons
 a - a +0 flail
 y - a +0 morningstar
 B - a +4 quarterstaff of chaos
 J - a cursed +1 mace (weapon)
Armour
 b - a +0 scale mail
 c - a +0 shield
 j - a +0 helmet (worn)
 n - a +1 cloak (worn)
 r - a +0 buckler (worn)
 C - the +1 leather armour "Safaw" (worn) {rElec rPois Int-5 Dex+5 Stlth+}
   (You found it on level 4 of the Dungeon)

   It affects your intelligence (-5).
   It affects your dexterity (+5).
   It insulates you from electricity.
   It protects you from poison.
   It makes you more stealthy.
Jewellery
 i - a +5 ring of strength (left hand)
 x - a ring of protection from fire (right hand)
 G - an uncursed ring of poison resistance
Wands
 d - a wand of random effects (11/48)
 g - a wand of digging (17/24)
 t - a wand of acid (7/15)
 D - a wand of polymorph (3/24)
Scrolls
 k - 3 scrolls of remove curse
 m - 3 scrolls of identify
Potions
 e - a potion of berserk rage {unknown}
 h - a potion of mutation {unknown}
 q - 4 potions of curing
 w - 2 potions of flight {unknown}
 A - a potion of might
 F - 3 potions of agility {unknown}
 H - 3 potions of heal wounds {unknown}
 I - a potion of cancellation {unknown}
Books
 v - a book of Summonings

   Spells                             Type                      Level
   a - Recall                         Summoning/Translocation      3
   b - Aura of Abjuration             Summoning                    5
   c - Summon Demon                   Summoning                    5
   d - Summon Forest                  Summoning/Translocation      5
   e - Summon Mana Viper              Hexes/Summoning              5
   f - Shadow Creatures               Summoning                    6
 z - a book of Enchantments

   Spells                             Type                      Level
   a - Cause Fear                     Hexes                        4
   b - Yara's Violent Unravelling     Hexes/Transmutation          5
   c - Silence                        Hexes/Air                    5
   d - Deflect Missiles               Charms/Air                   6
   e - Haste                          Charms                       6
   f - Discord                        Hexes                        8
 E - a book of Death

   Spells                             Type                      Level
   a - Corpse Rot                     Necromancy                   2
   b - Sublimation of Blood           Necromancy                   2
   c - Agony                          Necromancy                   5
   d - Dispel Undead                  Necromancy                   5
   e - Excruciating Wounds            Charms/Necromancy            5
   f - Bolt of Draining               Conjuration/Necromancy       5
Comestibles
 f - 6 bread rations
 l - 9 chunks of flesh
 o - 4 meat rations
 p - 4 fruits
 s - 4 beef jerkies
 u - a slice of pizza


   Skills:
 - Level 5.0 Fighting
 + Level 4.1(4.4) Maces & Flails
 - Level 2.4(3.6) Staves
 + Level 6.0 Armour
 - Level 5.6 Dodging
 - Level 1.0 Stealth
 - Level 5.5 Shields


You had 8 spell levels left.
You didn't know any spells.

Dungeon Overview and Level Annotations

Branches:
Dungeon (6/15)             Temple (0/1) D:6


Innate Abilities, Weirdness & Mutations

You have an increased reservoir of magic (+10% MP).
Your attributes are resistant to harm.


Message History

You sock the scorpion!
You kill the scorpion!
Your Armour skill increases to level 6!
You have reached level 9!
Your experience leads to an increase in your attributes!
Your base attributes are Str 23, Int 12, Dex 15.
Increase (S)trength, (I)ntelligence, or (D)exterity?
You feel stronger. x2
You see here an iguana skeleton.
Some of the chunks of flesh in your inventory have rotted away.
You open the door.
Really walk into a travel-excluded area?
There is an open door here.
You are engulfed in freezing vapours.
You are engulfed in freezing vapours.
You are engulfed in freezing vapours.
You are engulfed in freezing vapours.
* * * LOW HITPOINT WARNING * * *
You are engulfed in freezing vapours.
You die...

#.#...# #.##.#.##.####.# #....>
#.#.### #.##......####.# #.####
#.#<# #.####.#.......###.# #
#.#.#######....#.#.........#.#
#
......#........#...[.........##
#
#.#.#>#.#######################
#
#.#.#.#.##§§§§§§§§§§§§§§§$$$$##
#
#.#.#.#.##§####################
#
#.#...#..#§§§§§§@§§§§§§§§§§..##
#.##..#..#################8'8##
#..........#....?.....#####.###
####..#.##.#.########.# #.#
.....##.##.# #.#####.#####
######...### #.#...÷......
#.._..# #.#.######### #.8.8.#
#.#. ###+### #.


There were no monsters in sight!

Vanquished Creatures
  2 water moccasins (D:6)
  An ice beast (D:6)
  2 black bears (D:6)
  2 ogres
  A phantom (D:4)
  A centaur (D:6)
  An elf zombie (Ossuary)
  A giant frog (D:6)
  A gnoll sergeant (D:6)
  3 scorpions
  5 wights (D:6)
  A crimson imp (D:6)
  A quasit (D:5)
  3 orc priests
  A gnoll shaman (D:6)
  A jelly (shapeshifter) (D:4)
  Crazy Yiuf (D:3)
  Jessica (D:3)
  Ijyb (D:3)
  3 iguanas
  2 orc wizards
  5 worker ants
  Terence (D:3)
  A hound zombie (Ossuary)
  A hound skeleton (D:4)
  Robin (D:3)
  16 gnolls
  7 adders
  A shadow imp (D:6)
  An adder zombie (D:6)
  An adder skeleton (D:5)
  6 worms
  5 dart slugs
  6 giant geckos
  22 orcs
  3 ball pythons
  10 giant cockroaches
  17 goblins
  16 hobgoblins
  6 jackals
  A quokka (D:6)
  10 bats
  5 giant newts
  A jackal zombie (Ossuary)
  8 kobolds
  A quokka skeleton (D:3)
  A quokka zombie (D:6)
  4 rats (D:3)
192 creatures vanquished.

Vanquished Creatures (collateral kills)
  2 gnolls (D:6)
2 creatures vanquished.

Vanquished Creatures (others)
  A hound (D:6)
  A bush (D:6)
2 creatures vanquished.

Grand Total: 196 creatures vanquished

Notes
Turn   | Place    | Note
--------------------------------------------------------------
     0 | D:1      | Jerry the Demigod Fighter began the quest for the Orb.
     0 | D:1      | Reached XP level 1. HP: 18/18 MP: 3/3
    75 | D:1      | Reached skill level 3 in Armour
    83 | D:1      | Reached XP level 2. HP: 24/25 MP: 4/4
   137 | D:1      | Found a sparkling altar of Nemelex Xobeh.
   603 | D:1      | Reached XP level 3. HP: 30/30 MP: 5/5
   860 | D:2      | Found an opulent altar of Gozag.
  1108 | D:2      | Found a stormy altar of Qazlal.
  1150 | D:2      | Found a bloodstained altar of Trog.
  1211 | D:2      | Reached XP level 4. HP: 37/37 MP: 6/6
  1565 | D:3      | Found a glowing golden altar of the Shining One.
  1814 | D:2      | Reached skill level 4 in Armour
  1893 | D:2      | Reached XP level 5. HP: 41/42 MP: 7/7
  2325 | D:3      | Found a sparkling altar of Nemelex Xobeh.
  2479 | D:3      | Noticed Robin
  2503 | D:3      | Killed Robin
  2604 | D:3      | Found a faded altar to an unknown god.
  2759 | D:3      | Noticed Ijyb
  2779 | D:3      | Killed Ijyb
  3152 | D:3      | Noticed Terence
  3154 | D:3      | Killed Terence
  3154 | D:3      | Reached XP level 6. HP: 38/50 MP: 8/8
  3185 | D:3      | Noticed Jessica
  3188 | D:3      | Killed Jessica
  3470 | D:3      | Reached skill level 5 in Armour
  3527 | D:3      | Noticed Crazy Yiuf
  3539 | D:3      | Killed Crazy Yiuf
  3869 | D:4      | Got a crude leather armour
  3880 | D:4      | Identified the +1 leather armour "Safaw" {rElec rPois Int-5 Dex+5 Stlth+} (You found it on level 4 of the Dungeon)
  3894 | D:4      | Noticed a steam dragon
  3894 | D:4      | an ogre changed into a steam dragon
  3895 | D:4      | a steam dragon changed into a jelly
  4040 | D:4      | Reached skill level 1 in Dodging
  4040 | D:4      | Reached XP level 7. HP: 53/57 MP: 9/9
  4187 | D:4      | Found a sand-covered staircase.
  4196 | Ossuary  | Entered an ossuary
  5328 | D:5      | Entered Level 5 of the Dungeon
  5965 | D:6      | Found a deep blue altar of Sif Muna.
  6169 | D:6      | Reached skill level 5 in Fighting
  6169 | D:6      | Reached XP level 8. HP: 48/68 MP: 10/10
  6258 | D:6      | Reached skill level 1 in Staves
  6374 | D:6      | Found a bloodstained altar of Trog.
  6454 | D:6      | Reached skill level 5 in Dodging
  6454 | D:6      | Reached skill level 5 in Shields
  7083 | D:6      | Found a staircase to the Ecumenical Temple.
  7401 | D:6      | Reached skill level 1 in Stealth
  7446 | D:6      | Reached skill level 6 in Armour
  7446 | D:6      | Reached XP level 9. HP: 71/74 MP: 11/11
  7503 | D:6      | Engulfed by a cloud of freezing vapour

Skill      XL: |  1  2  3  4  5  6  7  8 |
---------------+-------------------------+-----
Maces & Flails | 2 4 |  4.1
Armour         | 3 4 5 6 |  6.0
Shields        | 3 4 5 |  5.5
Fighting       | 3 5 |  5.0
Dodging        | 1 4 5 |  5.6
Staves         | 2 |  2.4
Stealth        | 1 |  1.0

Action                   |  1- 3 |  4- 6 |  7- 9 || total
-------------------------+-------+-------+-------++-------
Melee: Flail             |   121 |   269 |       ||   390
       Quarterstaff      |       |    33 |   138 ||   171
       Mace              |       |       |   155 ||   155
Evoke: Wand              |       |     1 |     2 ||     3
  Use: Potion            |       |     2 |       ||     2
       Scroll            |       |       |     7 ||     7
 Stab: Paralysed         |       |     6 |     2 ||     8
       Sleeping          |       |       |     7 ||     7
  Eat: Chunk             |     1 |    10 |    11 ||    22
Armor: Scale mail        |    51 |   133 |       ||   184
       Leather armour    |       |       |    94 ||    94
Dodge: Dodged            |    31 |   120 |   212 ||   363
Block: Shield            |    74 |    17 |       ||    91
       Buckler           |       |    51 |    58 ||   109
